 Dungeon Crawl Stone Soup version 0.20.1 (webtiles) character file.

289 polve the Sneak (level 6, -4/28 HPs)
             Began as a Vine Stalker Enchanter on July 2, 2017.
             Killed by nerve-wracking pain
             ... invoked by an orc priest
              (9 damage)
             ... on level 3 of the Dungeon.
             The game lasted 00:04:36 (4816 turns).

polve the Sneak (Vine Stalker Enchanter)            Turns: 4816, Time: 00:04:37

Health: -4/28      AC:  3    Str: 10    XL:     6   Next: 31%
Magic:  0/10       EV: 12    Int: 17    God:
Gold:   165        SH:  0    Dex: 15    Spells: 6/9 levels left

rFire    . . .     SeeInvis +   a - +1 dagger
rCold    . . .     Gourm    .   (no shield)
rNeg     . . .     Faith    .   b - +0 robe
rPois    +         Spirit   +   (no helmet)
rElec    .         Reflect  .   h - +0 cloak
rCorr    .         Harm     .   (no gloves)
MR       .....                  (no boots)
Stlth    ++++......             (no amulet)
Regen    0.5/turn               o - ring of poison resistance
MPRegen  0.2/turn               r - ring of see invisible

@: no status effects
A: fangs 2, regeneration 1, magic shield, antimagic bite, no potion heal 3, rot
immunity
a: no special abilities


You were on level 3 of the Dungeon.
You were not hungry.

You visited 1 branch of the dungeon, and saw 3 of its levels.

You collected 165 gold pieces.

Inventory:

Hand Weapons
 a - a +1 dagger (weapon)
Armour
 b - a +0 robe (worn)
 h - a +0 cloak (worn)
Jewellery
 o - a ring of poison resistance (left hand)
 r - a ring of see invisible (right hand)
 t - an uncursed ring of wizardry {unknown}
 u - a +5 ring of intelligence {unknown}
 v - an uncursed ring of protection from fire {unknown}
Wands
 s - a wand of paralysis (9/24)
Scrolls
 f - 2 scrolls of teleportation {unknown}
 l - 3 scrolls of identify {unknown}
 m - a scroll of enchant weapon {unknown}
 n - a scroll of random uselessness {unknown}
 p - a scroll of amnesia {unknown}
Potions
 e - a potion of curing
 i - a potion of might
 q - a potion of lignification
Books
 c - a book of Maledictions

   Spells                             Type                      Level
   a - Corona                         Hexes                        1
   b - Ensorcelled Hibernation        Hexes/Ice                    2
   c - Confuse                        Hexes                        3
   d - Tukima's Dance                 Hexes                        3
   e - Dazzling Spray                 Conjuration/Hexes            3
Comestibles
 d - 2 bread rations
 g - a royal jelly
 j - 6 chunks of flesh
 k - 4 meat rations


   Skills:
 + Level 3.6 Short Blades
 - Level 1.5 Dodging
 + Level 7.0 Stealth
 - Level 2.1 Spellcasting
 - Level 3.0 Hexes


You had 6 spell levels left.
You knew the following spells:

 Your Spells              Type           Power        Failure   Level  Hunger
a - Corona                Hex            ##.....      5%          1    #......
b - Ensorcelled Hibernat  Hex/Ice        #.....       16%         2    ###....


Dungeon Overview and Level Annotations

Branches:
Dungeon (3/15)

Altars:


Innate Abilities, Weirdness & Mutations

You have extremely sharp teeth.
Your natural rate of healing is unusually fast.
When hurt, damage is shared between your health and your magic reserves.
Your bite disrupts and absorbs the magic of your enemies.
Potions cannot restore your health.
You are immune to rotting.


Message History

* * * LOW HITPOINT WARNING * * *
You closely miss the orc priest.
The orc priest is lightly wounded.
The orc priest barely misses you.
You hit the orc priest but do no damage.
Your bite misses the orc priest.
The orc priest is lightly wounded.
You hit the orc priest but do no damage.
The orc priest is lightly wounded.
The orc priest begins to cast a cantrip, but forgets the words!
You hit the orc priest.
The orc priest is moderately wounded.
The orc priest mumbles some strange prayers to Beogh against you.
Pain shoots through your body!
* * * LOW HITPOINT WARNING * * *
You hit the orc priest but do no damage.
The orc priest is moderately wounded.
The orc priest mumbles some strange prayers to Beogh against you.
Pain shoots through your body!
You die...

#........# #..##..
#........# #...#..
#.....%..# #.#.#..
#........# #.#....
#........# #.###..
#........# #.# #..
#...oo)..# #.# #..
####o###.# #.# ##.
#@# #.# #.####.
#(###.######.##(..
#......#.....(...#
##.....[.###......
#.....######..##.
#.%...# #...###.
#.....####....h..
##..........#####
#.###......#


You could see an orc priest, an orc wizard (invisible) and an orc.

Vanquished Creatures
  Purgy (D:3)
  Natasha (thrice) (D:2)
  5 adders
  An ooze (D:1)
  2 worms
  2 dart slugs (D:1)
  2 leopard geckos (D:1)
  2 orcs (D:3)
  A ball python (D:2)
  8 bats
  4 giant cockroaches
  7 goblins
  8 hobgoblins
  2 jackals (D:3)
  11 kobolds
  A quokka (D:3)
  6 frilled lizards
  3 rats
69 creatures vanquished.

Notes
Turn   | Place    | Note
-------+----------+-------------------------------------------
     0 | D:1      | polve the Vine Stalker Enchanter began the quest for the Orb.
     0 | D:1      | Reached XP level 1. HP: 9/9 MP: 4/4
     8 | D:1      | Reached skill level 1 in Short Blades
   348 | D:1      | Reached skill level 4 in Stealth
   348 | D:1      | Reached XP level 2. HP: 13/13 MP: 6/6
   865 | D:1      | Reached XP level 3. HP: 16/16 MP: 7/7
  2150 | D:2      | Reached skill level 5 in Stealth
  2497 | D:2      | Gained mutation: Your natural rate of healing is unusually fast. [Vine Stalker growth]
  2497 | D:2      | Reached XP level 4. HP: 15/21 MP: 5/8
  3284 | D:3      | Noticed Natasha
  3284 | D:3      | Noticed Purgy
  3394 | D:2      | Learned a level 2 spell: Ensorcelled Hibernation
  3483 | D:2      | Killed Natasha
  3483 | D:2      | Reached skill level 6 in Stealth
  3483 | D:2      | Reached XP level 5. HP: 13/24 MP: 9/9
  3697 | D:2      | Noticed Natasha
  3717 | D:2      | Killed Natasha
  3736 | D:2      | Noticed Natasha
  3761 | D:2      | Killed Natasha
  4675 | D:3      | Killed Purgy
  4675 | D:3      | Reached skill level 7 in Stealth
  4675 | D:3      | Reached XP level 6. HP: 28/28 MP: 8/10
  4816 | D:3      | Killed from afar by an orc priest

Skill      XL: |  1  2  3  4  5 |
---------------+----------------+-----
Short Blades   | 1 2 3 |  3.6
Stealth        | 4 5 6 7 |  7.0
Dodging        | |  1.5
Spellcasting   | |  2.1
Hexes          | |  3.0

Action                   |  1- 3 |  4- 6 || total
-------------------------+-------+-------++-------
Melee: Dagger            |   110 |   165 ||   275
       Bite              |    21 |    24 ||    45
       Unarmed           |       |     4 ||     4
 Cast: Corona            |       |     2 ||     2
  Use: Potion            |       |     4 ||     4
 Stab: Sleeping          |    11 |     4 ||    15
       Distracted        |       |     1 ||     1
  Eat: Chunk             |     5 |     7 ||    12
Armor: Robe              |    14 |    21 ||    35
       Skin              |       |     6 ||     6
Dodge: Dodged            |    52 |   104 ||   156
